 Dungeon Crawl Stone Soup version 0.30-a0-723-gc1506a1cf0 (webtiles) character file.

Game seed: 11193488767053057519

7 ASSMAN the Sneak (level 2, -11/24 HPs)
             Began as a Barachi Delver on Jan 29, 2023.
             Mangled by an iguana (12 damage)
             ... on level 4 of the Dungeon.
             The game lasted 00:00:37 (168 turns).

ASSMAN the Sneak (Barachi Delver)                    Turns: 168, Time: 00:00:37

Health: -11/24     AC:  3    Str: 13    XL:     2   Next: 0%
Magic:  2/2        EV: 12    Int: 10    God:
Gold:   29         SH:  0    Dex: 13    Spells: 1/1 levels left

rFire   . . .      SeeInvis .    a - +0 short sword
rCold   . . .      Faith    .    (no shield)
rNeg    . . .      Spirit   .    b - +0 leather armour
rPois   .          Reflect  .    (no helmet)
rElec   .          Harm     .    (no cloak)
rCorr   .          Rampage  .    (no gloves)
Will    .....                    (no boots)
Stlth   ++                       (no amulet)
HPRegen 0.24/turn                (no ring)
MPRegen 0.08/turn                (no ring)

@: slow
A: amphibious, slowness 1, strong legs 1, +LOS
a: Hop


You were on level 4 of the Dungeon.
You visited 1 branch of the dungeon, and saw 2 of its levels.

You collected 29 gold pieces.

Inventory:

Hand Weapons
 a - a +0 short sword (weapon)
Armour
 b - a +0 leather armour (worn)
Wands
 g - a wand of digging (3)
Scrolls
 c - a scroll of fog
 d - a scroll of magic mapping
 e - a scroll of fear
 j - a scroll of identify {unknown}
 k - a scroll of amnesia {unknown}
 l - a scroll of immolation {unknown}
Potions
 f - a potion of haste
 h - a potion of might {unknown}
 i - a potion of curing {unknown}
 m - a potion of ambrosia {unknown}


   Skills:
 - Level 3.6 Fighting
 + Level 2.5 Short Blades
 - Level 2.1 Dodging
 + Level 4.7 Stealth


You had one spell level left.
You didn't know any spells.
Your spell library was empty.

Dungeon Overview and Level Annotations

Branches:
Dungeon (5/15)
 Temple: D:4-7

Altars:


Innate Abilities, Weirdness & Mutations

You are amphibious.
You cover ground slowly.
You can hop short distances.
You have an extended range of vision and can be seen from far away.


Message History

You hit the iguana but do no damage.
The iguana is moderately wounded.
The iguana closely misses you.
You closely miss the iguana.
The iguana is moderately wounded.
The iguana barely misses you.
You hit the iguana but do no damage.
The iguana is moderately wounded.
The iguana misses you.
You hit the iguana.
The iguana is moderately wounded.
The iguana bites you but does no damage.
You hit the iguana but do no damage.
The iguana is moderately wounded.
The iguana bites you.
You hit the iguana.
The iguana is heavily wounded.
You hit the iguana but do no damage.
The iguana is heavily wounded.
The iguana bites you.
You hit the iguana.
The iguana is severely wounded.
The iguana bites you.
* * * LOW HITPOINT WARNING * * *
You completely miss the iguana.
The iguana is severely wounded.
The iguana bites you.
* * * LOW HITPOINT WARNING * * *
You hit the iguana.
The iguana is severely wounded.
The iguana bites you.
* * * LOW HITPOINT WARNING * * *
You hit the iguana.
The iguana is severely wounded.
The iguana misses you.
You closely miss the iguana.
The iguana is severely wounded.
The iguana bites you!
Ouch! That really hurt!
You die...

##.## ##.?......
#....###.........
#....#..........
#..............
#.............
#............
#...........
#.l.....# #.@...$#
#####.....#
##.........###
#............#
##............#
...............#
#..............##
###.............##
#..............#


You could see an iguana.

Vanquished Creatures
  2 dart slugs
  A quokka (D:5)
3 creatures vanquished.

Notes
Turn   | Place    | Note
-------+----------+-------------------------------------------
     0 | D:5      | ASSMAN the Barachi Delver began the quest for the Orb.
     0 | D:5      | Reached XP level 1. HP: 18/18 MP: 1/1
   102 | D:4      | Reached XP level 2. HP: 21/24 MP: 2/2
   166 | D:4      | HP: 1/24 [iguana (3)]
   168 | D:4      | Mangled by an iguana

Illustrated notes

Levels and vault maps discovered:
D:4:      layout_cave_pods, minmay_temple_entry_gardened_gates, serial_glass,
          glass_columns_c, glass_columns_b, feat_on_display, uniq_menkaure
D:5:      layout_loops_cross, ashenzari_altar_1, nzn_wu_jian_council_hall,
          uniq_duvessa

Action                     || total
---------------------------++-------
  Melee: Short sword       ||    25
   Stab: Sleeping          ||     1
 Armour: Leather armour    ||     1
  Dodge: Dodged            ||    11

Table legend: (Time is in decaauts)
 A = Elapsed time spent in this place.
 B = Non-inter-level travel time spent in this place.
 C = Inter-level travel time spent in this place.
 D = Time resting spent in this place.
 E = Time spent auto-exploring this place.
 F = Levels seen in this place.
 G = Mean time per level.
                   A        B        C        D        E       F      G
               +--------+--------+--------+--------+--------+-----+--------+
         Total |    188 |    170 |     18 |      0 |    122 |   2 |   94.0 |
       Dungeon |    188 |    170 |     18 |      0 |    122 |   2 |   94.0 |
               +--------+--------+--------+--------+--------+-----+--------+

Top non-repeatable levels by time:
     D:5: 110 daAuts
     D:4: 78 daAuts
